 Dungeon Crawl Stone Soup version 0.18-a0-117-g77bb7e1 (webtiles) character file.

30 Proton the Shield-Bearer (level 3, 0/29 HPs)
             Began as a Formicid Fighter on Nov 18, 2015.
             Was an Initiate of Qazlal.
             Slain by a bat (1 damage)
             ... on level 2 of the Dungeon.
             The game lasted 00:01:50 (1007 turns).

Proton the Shield-Bearer (Formicid Fighter)         Turns: 1007, Time: 00:01:50

Health: 0/29       AC:  5    Str: 21    XL:     3   Next: 37%
Magic:  3/3        EV:  7    Int:  7    God:    Qazlal [......]
Gold:   49         SH:  9    Dex: 10    Spells: 0 memorised, 2 levels left

rFire  . . .     SeeInvis +     a - +0 long sword
rCold  . . .     Clarity  .     m - +0 chain mail
rNeg   . . .     SustAt   .     c - +0 shield
rPois  .         Gourm    .     (helmet unavailable)
rElec  .         Spirit   .     (no cloak)
rCorr  .         Warding  .     (no gloves)
rMut   .         Stasis   +     (no boots)
MR     .....                    (no amulet)
Stlth  ..........               f - +1 ring of evasion
                                j - -4 ring of protection (curse)

@: not resistant to hostile enchantments, extremely unstealthy
A: permanent stasis, dig shafts and tunnels, four strong arms, antennae 3
a: Dig, Shaft Self, Renounce Religion


You were on level 2 of the Dungeon.
You worshipped Qazlal.
Qazlal was noncommittal.
You were not hungry.

You visited 1 branch of the dungeon, and saw 2 of its levels.

You collected 49 gold pieces.

Inventory:

Hand Weapons
 a - a +0 long sword (weapon)
Armour
 c - a +0 shield (worn)
 m - a +0 chain mail (worn)
Jewellery
 b - an uncursed ring of stealth {unknown}
 f - a +1 ring of evasion (right hand)
 j - a cursed -4 ring of protection (left hand)
Potions
 d - 3 potions of might
 h - 2 potions of curing {unknown}
 i - a potion of brilliance
Comestibles
 e - 2 bread rations
 g - a beef jerky


   Skills:
 + Level 3.5 Fighting
 + Level 2.4 Long Blades
 + Level 3.5 Armour
 + Level 0.6 Dodging
 + Level 3.9 Shields


You had 2 spell levels left.
You didn't know any spells.

Dungeon Overview and Level Annotations

Branches:
Dungeon (2/15)

Altars:
Qazlal

Annotations:
D:2 Natasha


Innate Abilities, Weirdness & Mutations

You are under a permanent stasis effect.
You can dig through walls and to a lower floor.
Your four strong arms can wield two-handed weapons with a shield.
You have a pair of large antennae on your head (SInv).


Message History

Natasha casts a spell.
You block the crimson imp's attack. Natasha claws you.
* * * LOW HITPOINT WARNING * * *
You miss Natasha.
Natasha is heavily wounded.
The bat hits you but does no damage. The crimson imp hits you.
* * * LOW HITPOINT WARNING * * *
Natasha claws you but does no damage.
The crimson imp hits you but does no damage.
You hit Natasha but do no damage.
Natasha is heavily wounded.
The bat barely misses you. The crimson imp barely misses you.
You block Natasha's attack. The crimson imp hits you.
* * * LOW HITPOINT WARNING * * *
The bat hits you but does no damage.
You hit Natasha.
Natasha is severely wounded.
The crimson imp disappears in a puff of smoke!
The bat hits you but does no damage. The bat hits you.
You die...

#.# #.#≈#^.≈^#.^ #)#
##.≈.(≈.^≈≈.^
##.####....(._..... # {
#..........§...^≈≈( %.
#........^#≈..^#≈#. #.
#........^§#≈..###. #.
#.§.....≈^≈^..^§.≈§ #.
##5######≈......≈^.
...#..###@########........
........bh5†...........>..
.......##########.........
b...... #......... .......
##......... ......K
#.......### ###....
#.......# #..)# #.......#
#... #.......#


You could see Natasha, 2 crimson imps and a bat.

Vanquished Creatures
  A gnoll (D:1)
  An ooze (D:1)
  2 ball pythons
  3 goblins (D:1)
  3 hobgoblins
  3 kobolds (D:2)
  2 giant newts (D:2)
  A rat (D:2)
16 creatures vanquished.

Notes
Turn   | Place    | Note
--------------------------------------------------------------
     0 | D:1      | Proton the Formicid Fighter began the quest for the Orb.
     0 | D:1      | Reached XP level 1. HP: 18/18 MP: 1/1
   316 | D:1      | Reached XP level 2. HP: 13/24 MP: 2/2
   687 | D:1      | Reached XP level 3. HP: 14/29 MP: 3/3
   938 | D:2      | Found a stormy altar of Qazlal.
   946 | D:2      | Became a worshipper of Qazlal Stormbringer
   981 | D:2      | Noticed Natasha
  1006 | D:2      | HP: 1/29 [crimson imp[Natasha] (3)]
  1007 | D:2      | Slain by a bat

Vault maps used:
D:1:      tarquinn_simple_flora_water_e
D:2:      grunt_qazlal_sundering, uniq_iyjb, uniq_natasha

Action                   || total
-------------------------++-------
Melee: Long sword        ||    85
  Use: Scroll            ||     5
